 Dungeon Crawl Stone Soup version 0.29.0-4-gdea44cf6ec (webtiles) character file.

Game seed: 13806163542825684663

95 qw the Chopper (level 4, 0/26 HPs)
             Began as a Tengu Warper on Aug 28, 2022.
             Slain by a gnoll
             ... wielding a +0 halberd
              (2 damage)
             ... on level 3 of the Dungeon.
             The game lasted 00:00:15 (2151 turns).

qw the Chopper (Tengu Warper)                       Turns: 2151, Time: 00:00:16

Health: 0/26       AC:  8    Str: 17    XL:     4   Next: 66%
Magic:  8/8        EV: 10    Int: 12    God:
Gold:   138        SH:  0    Dex: 13    Spells: 7/7 levels left

rFire   . . .      SeeInvis +   Y - +0 hand axe
rCold   . . .      Faith    .   (no shield)
rNeg    . . .      Spirit   .   g - +0 scale mail
rPois   .          Reflect  .   (helmet restricted)
rElec   .          Harm     .   (no cloak)
rCorr   .          Rampage  .   (no gloves)
Will    +....      Rage     3%  (boots unavailable)
Stlth   ..........              (no amulet)
HPRegen 0.08/turn               m - ring of see invisible
MPRegen 0.11/turn               (no ring)

@: no status effects
A: beak, talons 3, iridescent scales 1, berserk 1, strong-willed 1, strong 1
a: no special abilities


You were on level 3 of the Dungeon.
You visited 1 branch of the dungeon, and saw 3 of its levels.

You collected 138 gold pieces.


Innate Abilities, Weirdness & Mutations

You have a beak for a mouth.
You have claws for feet.
You are partially covered in iridescent scales. (AC +2)
You sometimes lose your temper in combat.
You are strong-willed. (Will+)
Your muscles are strong. (Str +4, Int/Dex -1)


   Skills:
 - Level 2.0 Fighting
 + Level 5.2 Axes
 - Level 1.0 Throwing
 - Level 1.1 Armour
 - Level 2.1 Dodging
 - Level 2.0 Spellcasting
 - Level 2.4 Translocations


You had 7 spell levels left.
You didn't know any spells.
Your spell library contained the following spells:

 Spells                   Type           Power      Damage    Failure   Level
 Blink                    Tloc           12%        N/A       50%         2
 Gell's Gravitas          Tloc           6%         N/A       73%         3
 Lesser Beckoning         Tloc           6%         N/A       73%         3
 Teleport Other           Tloc           6%         N/A       73%         3
 Manifold Assault         Tloc           6%         N/A       100%        5

Inventory:

Hand Weapons
 b - a +3 mace
 Y - a +0 hand axe (weapon)
Armour
 g - a +0 scale mail (worn)
Jewellery
 m - a ring of see invisible (left hand)
Scrolls
 a - a scroll of enchant armour
Potions
 e - a potion of ambrosia {unknown}
 f - a potion of heal wounds {unknown}
 j - a potion of curing {unknown}
 n - a potion of might {unknown}

Dungeon Overview and Level Annotations

Branches:
Dungeon (3/15)

Altars:


Message History

The gnoll is heavily wounded.
The gnoll hits you but does no damage.
You hit the gnoll. You claw the gnoll, but do no damage.
The gnoll is almost dead.
You hit the gnoll. The gnoll hits you but does no damage.
The gnoll closely misses you.
You slash the gnoll! You claw the gnoll.
You kill the gnoll!
You barely miss the gnoll.
The gnoll hits you from afar with a +0 halberd.
The gnoll hits you from afar with a +0 halberd!
You barely miss the gnoll. The gnoll hits you but does no damage.
The gnoll barely misses you.
You hit the gnoll. Your kick misses the gnoll.
The gnoll is lightly wounded.
The gnoll hits you from afar with a +0 halberd. x2
The gnoll hits you but does no damage.
You hit the gnoll. You peck the gnoll, but do no damage.
The gnoll is moderately wounded.
You hit the hobgoblin but do no damage.
The gnoll hits you from afar with a +0 halberd.
The gnoll hits you but does no damage. The gnoll barely misses you.
The hobgoblin hits you but does no damage.
You closely miss the gnoll. You peck the gnoll.
The gnoll is heavily wounded.
You hit the hobgoblin. The gnoll closely misses you.
The gnoll hits you but does no damage. The gnoll barely misses you.
The hobgoblin barely misses you.
You hit the gnoll.
The gnoll is heavily wounded.
You hit the hobgoblin. The gnoll closely misses you.
The gnoll hits you from afar with a +0 halberd.
The gnoll barely misses you.
The hobgoblin hits you but does no damage.
You hit the gnoll. You claw the gnoll.
You kill the gnoll!
You hit the hobgoblin.
The gnoll hits you from afar with a +0 halberd.
You die...

#####..####.#...#..
.......# ##......<#
....(..###....#####
.....####..####
.....%....######
.....##........##
..<..#########..#
###### ##.### #.@)#
###gg..... .g.....
....### .....#
.....# .....#
.....#


You could see 2 gnolls and a hobgoblin.

Vanquished Creatures
  2 gnolls (D:3)
  2 adders (D:2)
  2 worms (D:2)
  A dart slug (D:1)
  6 ball pythons
  2 bats (D:1)
  6 endoplasms
  2 giant cockroaches
  5 goblins (D:1)
  6 hobgoblins
  3 jackals (D:1)
  6 kobolds
  4 quokkas
  5 frilled lizards
  6 rats
58 creatures vanquished.

Notes
Turn   | Place    | Note
-------+----------+-------------------------------------------
     0 | D:1      | qw the Tengu Warper began the quest for the Orb.
     0 | D:1      | Reached XP level 1. HP: 12/12 MP: 4/4
     0 | D:1      | 0 ||| qw: Version: 0.1-a-89-g26bdef1
     0 | D:1      | 0 ||| qw: Game counter: 607
     0 | D:1      | 0 ||| qw: Always use a shield: true
     0 | D:1      | 0 ||| qw: God list: Okawaru
     0 | D:1      | 0 ||| qw: Allow faded altars: false
     0 | D:1      | 0 ||| qw: Do Orc after D:15 true
     0 | D:1      | 0 ||| qw: Do second Lair branch before Depths: true
     0 | D:1      | 0 ||| qw: Lair rune preference: random
     0 | D:1      | 0 ||| qw: Plans: Normal
     0 | D:1      | 0 ||| PLANNING D:1-11
    68 | D:1      | 68 ||| Stepping ~*~*~tactically~*~*~ (stealth).
    82 | D:1      | 82 ||| Stepping ~*~*~tactically~*~*~ (stealth).
   165 | D:1      | Reached XP level 2. HP: 15/17 MP: 6/6
   166 | D:1      | Reached skill level 3 in Axes
   189 | D:1      | 189 ||| Stepping ~*~*~tactically~*~*~ (stealth).
   191 | D:1      | 191 ||| Stepping ~*~*~tactically~*~*~ (stealth).
   335 | D:1      | 335 ||| Stepping ~*~*~tactically~*~*~ (stealth).
   372 | D:1      | 372 ||| Stepping ~*~*~tactically~*~*~ (stealth).
   380 | D:1      | Reached XP level 3. HP: 13/21 MP: 7/7
   388 | D:1      | HP: 5/21 [kobold/+0 whip (1)]
   398 | D:1      | 398 ||| Stepping ~*~*~tactically~*~*~ (stealth).
   443 | D:1      | 443 ||| Stepping ~*~*~tactically~*~*~ (stealth).
   445 | D:1      | 445 ||| Stepping ~*~*~tactically~*~*~ (stealth).
   449 | D:1      | 449 ||| Stepping ~*~*~tactically~*~*~ (stealth).
   476 | D:1      | 476 ||| Stepping ~*~*~tactically~*~*~ (stealth).
   478 | D:1      | 478 ||| Stepping ~*~*~tactically~*~*~ (stealth).
   480 | D:1      | 480 ||| Stepping ~*~*~tactically~*~*~ (stealth).
   481 | D:1      | 481 ||| Stepping ~*~*~tactically~*~*~ (stealth).
   482 | D:1      | 482 ||| Stepping ~*~*~tactically~*~*~ (stealth).
   488 | D:1      | 488 ||| Stepping ~*~*~tactically~*~*~ (stealth).
   492 | D:1      | 492 ||| Stepping ~*~*~tactically~*~*~ (stealth).
   493 | D:1      | 493 ||| Stepping ~*~*~tactically~*~*~ (stealth).
   494 | D:1      | 494 ||| Stepping ~*~*~tactically~*~*~ (stealth).
   495 | D:1      | 495 ||| Stepping ~*~*~tactically~*~*~ (stealth).
   496 | D:1      | 496 ||| Stepping ~*~*~tactically~*~*~ (stealth).
   524 | D:1      | 524 ||| Stepping ~*~*~tactically~*~*~ (stealth).
   525 | D:1      | 525 ||| Stepping ~*~*~tactically~*~*~ (stealth).
   526 | D:1      | 526 ||| Stepping ~*~*~tactically~*~*~ (stealth).
   529 | D:1      | 529 ||| Stepping ~*~*~tactically~*~*~ (stealth).
   530 | D:1      | 530 ||| Stepping ~*~*~tactically~*~*~ (stealth).
   531 | D:1      | 531 ||| Stepping ~*~*~tactically~*~*~ (stealth).
   532 | D:1      | 532 ||| Stepping ~*~*~tactically~*~*~ (stealth).
   533 | D:1      | 533 ||| Stepping ~*~*~tactically~*~*~ (stealth).
   578 | D:1      | 578 ||| Stepping ~*~*~tactically~*~*~ (stealth).
   590 | D:1      | 590 ||| Stepping ~*~*~tactically~*~*~ (stealth).
   598 | D:1      | 598 ||| Stepping ~*~*~tactically~*~*~ (stealth).
   619 | D:1      | Reached skill level 4 in Axes
   771 | D:1      | 771 ||| Stepping ~*~*~tactically~*~*~ (stealth).
   844 | D:1      | 844 ||| UPGRADING to +0 ring mail.
   854 | D:1      | 854 ||| DROPPING +0 leather armour.
   855 | D:1      | 855 ||| READING 2 scrolls labelled VEIRRO ERRIROG.
   856 | D:1      | 856 ||| DRINKING 2 fizzy brown potions.
   856 | D:1      | Gained mutation: You are partially covered in iridescent
                  | scales. (AC +2) [potion of mutation]
   856 | D:1      | Gained mutation: You occasionally lose the ability to read
                  | scrolls when taking damage. [potion of mutation]
   856 | D:1      | Gained mutation: You are agile. (Dex +4, Str/Int -1)
                  | [potion of mutation]
   857 | D:1      | 857 ||| DRINKING potion of mutation.
   857 | D:1      | Lost mutation: You are agile. (Dex +4, Str/Int -1) [potion
                  | of mutation]
   857 | D:1      | Lost mutation: You occasionally lose the ability to read
                  | scrolls when taking damage. [potion of mutation]
   857 | D:1      | Gained mutation: You sometimes lose your temper in combat.
                  | [potion of mutation]
   857 | D:1      | Gained mutation: You are strong-willed. (Will+) [potion of
                  | mutation]
   857 | D:1      | Gained mutation: Your muscles are strong. (Str +4, Int/Dex
                  | -1) [potion of mutation]
   858 | D:1      | 858 ||| DROPPING scroll of blinking.
   970 | D:2      | 970 ||| DROPPING +0 mace.
  1145 | D:2      | Found a faded altar of an unknown god.
  1241 | D:2      | 1241 ||| FLEEEEING.
  1528 | D:2      | Reached XP level 4. HP: 26/26 MP: 8/8
  1699 | D:2      | Reached skill level 5 in Axes
  1956 | D:2      | 1956 ||| Stepping ~*~*~tactically~*~*~ (stealth).
  2023 | D:2      | 2023 ||| UPGRADING to +0 scale mail.
  2033 | D:2      | 2033 ||| DROPPING +0 ring mail.
  2034 | D:2      | 2034 ||| UPGRADING to ring of see invisible.
  2035 | D:2      | 2035 ||| READING scroll labelled NUDDOD GUTRURPH.
  2036 | D:2      | 2036 ||| READING scroll labelled TOQIDIATHU.
  2037 | D:2      | 2037 ||| READING scroll labelled MAUKHL XYDD.
  2038 | D:2      | 2038 ||| DRINKING 2 inky potions.
  2039 | D:2      | 2039 ||| DRINKING 2 bubbling black potions.
  2079 | D:2      | 2079 ||| DROPPING potion of attraction.
  2080 | D:2      | 2080 ||| DROPPING potion of lignification.
  2139 | D:3      | 2139 ||| Stepping ~*~*~tactically~*~*~ (hiding).
  2147 | D:3      | HP: 6/26 [gnoll/+0 halberd (4)]
  2150 | D:3      | HP: 2/26 [gnoll/+0 halberd (3)]
  2151 | D:3      | Slain by a gnoll

Levels and vault maps discovered:
D:1:      pf_arrival_petrified_forest, layout_basic
D:2:      layout_loops_ring, chequers_ecumenical_altar_simple
D:3:      layout_rooms, mainiacjoe_overflow_chevrons, patterned_corridor

Skill      XL: |  1  2  3  4 |
---------------+-------------+-----
Axes           | 3 4 5 |  5.2
Fighting       | |  2.0
Throwing       | |  1.0
Armour         | |  1.1
Dodging        | |  2.1
Spellcasting   | |  2.0
Translocations | |  2.4

Action                   |  1- 3 |  4- 6 || total
-------------------------+-------+-------++-------
Melee: Hand axe          |    97 |    29 ||   126
       Kick              |    23 |    11 ||    34
       Peck              |     9 |     9 ||    18
       Punch             |     1 |       ||     1
Throw: Boomerang         |     7 |       ||     7
  Use: Potion            |     2 |     2 ||     4
       Scroll            |     1 |     3 ||     4
Armor: Leather armour    |    18 |       ||    18
       Ring mail         |     7 |     3 ||    10
       Scale mail        |       |     8 ||     8
Dodge: Dodged            |    48 |    13 ||    61

Table legend:
 A = Non-vault XP
 B = Vault XP
 C = Vault XP percentage of total XP
 D = Non-vault monster count
 E = Vault monster count
 F = Vault count percentage of total count
                 A         B        C        D         E       F
            +---------+---------+-------+---------+---------+-------
      Total |     152 |       0 |   0.0 |      58 |       0 |   0.0
            +---------+---------+-------+---------+---------+-------
        D:1 |      53 |       0 |   0.0 |      30 |       0 |   0.0
        D:2 |      69 |       0 |   0.0 |      25 |       0 |   0.0
        D:3 |      30 |       0 |   0.0 |       3 |       0 |   0.0
            +---------+---------+-------+---------+---------+-------
